 Dungeon Crawl Stone Soup version 0.28.0-47-ge53b351184 (webtiles) character file.

Game seed: 10634419230483618051

1338 Eitelfritz the Slasher (level 8, 0/60 HPs)
             Began as a Demonspawn Gladiator on May 4, 2022.
             Killed from afar by an orc wizard (8 damage)
             ... with a magic dart
             ... on level 6 of the Dungeon.
             The game lasted 00:14:15 (6036 turns).

Eitelfritz the Slasher (Demonspawn Gladiator)       Turns: 6036, Time: 00:14:15

Health: 0/60       AC:  8    Str: 17    XL:     8   Next: 35%
Magic:  0/8        EV: 11    Int:  9    God:
Gold:   218        SH:  0    Dex: 19    Spells: 7/7 levels left

rFire   . . .      SeeInvis .   a - +1 long sword (venom)
rCold   . . .      Faith    .   (no shield)
rNeg    . . .      Spirit   +   f - +0 scale mail
rPois   .          Reflect  .   c - +0 helmet
rElec   .          Harm     .   (no cloak)
rCorr   +          Rampage  .   (no gloves)
Will    .....                   (no boots)
Stlth   ++........              i - amulet of guardian spirit
HPRegen 0.20/turn               j - ring of resist corrosion
MPRegen 0.22/turn               (no ring)

@: confused
A: claws 1, thin skeletal structure 2, magic regeneration, demonic magic 1
a: no special abilities


You were on level 6 of the Dungeon.
You visited 1 branch of the dungeon, and saw 6 of its levels.

You collected 218 gold pieces.

Inventory:

Hand Weapons
 a - a +1 long sword of venom (weapon)
Missiles
 d - 2 throwing nets (quivered)
 g - 33 bolts
 p - 56 arrows
Armour
 c - a +0 helmet (worn)
 f - a +0 scale mail (worn)
 h - a +2 hat
 k - an orb of mayhem
Jewellery
 i - an amulet of guardian spirit (around neck)
 j - a ring of resist corrosion (left claw)
 t - an amulet of faith
Wands
 v - a wand of flame (13)
Scrolls
 m - 2 scrolls of identify
 n - 2 scrolls of blinking
 o - a scroll of torment {unknown}
 q - a scroll of fog {unknown}
 r - a scroll of enchant armour {unknown}
 u - a scroll of brand weapon
Potions
 b - 3 potions of brilliance
 e - a potion of ambrosia {unknown}
 l - a potion of might {unknown}
 w - a potion of attraction {unknown}


   Skills:
 + Level 4.0 Fighting
 + Level 6.8 Long Blades
 + Level 2.3 Throwing
 + Level 3.4 Armour
 + Level 3.7 Dodging
 + Level 3.8 Stealth
 + Level 0.3 Evocations


You had 7 spell levels left.
You didn't know any spells.
Your spell library contained the following spells:

 Spells                   Type           Power      Damage    Failure   Level
 Sting                    Tmut/Pois      0%         1d3       78%         1
 Poisonous Vapours        Pois/Air       0%         N/A       89%         2
 Ozocubu's Armour         Ice            0%         N/A       98%         3
 Olgreb's Toxic Radiance  Pois           0%         N/A       100%        4
 Ozocubu's Refrigeration  Ice            0%         4d5       100%        7


Dungeon Overview and Level Annotations

Branches:
Dungeon (6/15)
 Temple: D:4-7

Altars:


Innate Abilities, Weirdness & Mutations

You have sharp fingernails.
You have a moderately thin skeletal structure. (Dex +4, Stealth++)
You regenerate magic rapidly.
Spells you cast may paralyse adjacent enemies.


Message History

You feel less confused. Something hits you.
The orc wizard hits you but does no damage.
Something hits you.
You hit something.
You hear some strange, mumbled words.
You are confused.
The orc wizard hits you with a +0 dagger.
Something hits you but does no damage.
You miss something. Something hits you but does no damage.
The orc wizard misses you. Something hits you but does no damage.
Unknown command.
You bump into the rock wall.
You hear some strange, mumbled words.
A magic dart appears from out of thin air!
The magic dart hits you.
The orc wizard hits you with a +0 dagger.
* * * LOW HITPOINT WARNING * * *
A water moccasin comes into view.
Something hits you.
* * * LOW HITPOINT WARNING * * *
You bump into the rock wall.
Something hits you but does no damage. The orc wizard casts a spell at you.
The magic dart hits you!
* * * LOW HITPOINT WARNING * * *
Something barely misses you.
Unknown command.
You completely miss something. Something hits you but does no damage.
The orc wizard barely misses you. Something hits you.
* * * LOW HITPOINT WARNING * * *
Unknown command.
You are too confused!
Unknown command.
Unknown command.
Okay, then.
Unknown command.
You barely miss something. Something hits you but does no damage.
The orc wizard points at you and mumbles some strange words.
The magic dart hits you!
You die...

.#.#.# #.#.#
#.#.#.# #.#.#
#.#.#.##.#.#
#.#.#.#.#.#
#.#.#..#.#
#.#...#.######.#
#'#.#.#).#.........
#.....o{o#.#.####..
#....#.#@{.#.#
.'... #.#...#.#
8#.. #.#...#.# #.
#.#.#.#.# #
#.#.#>..# ..#.#.#.#
###...... #.### ..


You could see an orc wizard and an orc.

Vanquished Creatures
  Grinder (D:4)
  Edmund (D:4)
  Menkaure (D:4)
  A black bear (D:5)
  A sky beast (D:5)
  3 ogres (D:4)
  A necrophage (D:5)
  A phantom (D:4)
  A howler monkey (D:5)
  2 hounds
  An orc priest (D:3)
  A centaur skeleton (D:5)
  2 iguanas
  An orc wizard (D:5)
  2 adders
  A shadow imp (D:5)
  2 dart slugs
  7 orcs
  10 endoplasms
  3 giant cockroaches
  10 goblins
  5 hobgoblins
  3 jackals (D:1)
  5 kobolds
  4 quokkas
  6 ball pythons
  5 bats
  4 frilled lizards
  4 rats
89 creatures vanquished.

Notes
Turn   | Place    | Note
-------+----------+-------------------------------------------
     0 | D:1      | Eitelfritz the Demonspawn Gladiator began the quest for the
                  | Orb.
     0 | D:1      | Reached XP level 1. HP: 16/16 MP: 1/1
   173 | D:1      | Gained mutation: You have a somewhat thin skeletal
                  | structure. (Dex +2, Stealth+) [demonic ancestry]
   173 | D:1      | Reached XP level 2. HP: 17/22 MP: 2/2
   263 | D:1      | Reached skill level 3 in Long Blades
  1303 | D:2      | Gained mutation: You have a moderately thin skeletal
                  | structure. (Dex +4, Stealth++) [demonic ancestry]
  1303 | D:2      | Reached XP level 3. HP: 20/27 MP: 3/3
  1687 | D:2      | Found a faded altar of an unknown god.
  2423 | D:3      | Reached skill level 1 in Armour
  2423 | D:3      | Reached XP level 4. HP: 19/34 MP: 4/4
  2884 | D:3      | Reached skill level 1 in Stealth
  3126 | D:4      | Noticed an ogre
  3133 | D:4      | Killed an ogre
  3134 | D:4      | Reached skill level 4 in Long Blades
  3134 | D:4      | Gained mutation: You have sharp fingernails. [demonic
                  | ancestry]
  3134 | D:4      | Reached XP level 5. HP: 6/39 MP: 5/5
  3514 | D:4      | Noticed an ogre
  3515 | D:4      | Noticed Grinder
  3515 | D:4      | Noticed an ogre
  3709 | D:4      | Killed an ogre
  3710 | D:4      | Gained mutation: Spells you cast may paralyse adjacent
                  | enemies. [demonic ancestry]
  3710 | D:4      | Reached XP level 6. HP: 46/46 MP: 6/6
  3947 | D:4      | Noticed Edmund
  3969 | D:4      | Killed Edmund
  3970 | D:4      | Reached skill level 5 in Long Blades
  3970 | D:4      | Gained mutation: You regenerate magic rapidly. [demonic
                  | ancestry]
  3970 | D:4      | Reached XP level 7. HP: 13/52 MP: 4/7
  4026 | D:4      | Killed Grinder
  4380 | D:4      | Noticed Menkaure
  4387 | D:4      | Killed Menkaure
  4388 | D:4      | Reached skill level 6 in Long Blades
  5050 | D:5      | Entered Level 5 of the Dungeon
  5176 | D:5      | Reached XP level 8. HP: 53/59 MP: 6/8
  6036 | D:6      | Killed from afar by an orc wizard

Illustrated notes

Levels and vault maps discovered:
D:1:      onia_arrival_handbag, layout_basic
D:2:      minmay_alternating_diamond, layout_rooms,
          nicolae_ecumenical_lake_church
D:3:      layout_loops_ring, eino_tiny_chamber
D:4:      layout_loops_ring, minmay_distorted, uniq_edmund, uniq_grinder,
          uniq_menkaure
D:5:      cheibrodos_iron_armory, layout_loops_ring
D:6:      layout_basic, minmay_temple_entry_gardened_gates,
          minmay_misc_feat_four_crosses, dk_noncrumbling_4,
          lemuel_flamethrower_2

Skill      XL: |  1  2  3  4  5  6  7  8 |
---------------+-------------------------+-----
Dodging        | 3 |  3.7
Long Blades    | 3 4 5 6 |  6.8
Armour         | 1 2 3 |  3.4
Stealth        | 1 2 3 |  3.8
Fighting       | 3 4 |  4.0
Throwing       | 2 |  2.3
Evocations     | |  0.3

Action                   |  1- 3 |  4- 6 |  7- 9 || total
-------------------------+-------+-------+-------++-------
Melee: Long sword        |   121 |    93 |   111 ||   325
       Punch             |     2 |     1 |     3 ||     6
Throw: Throwing net      |       |     6 |     3 ||     9
Evoke: Wand              |       |       |     2 ||     2
  Use: Scroll            |       |     1 |     8 ||     9
       Potion            |       |       |     4 ||     4
 Stab: Sleeping          |     4 |     8 |     4 ||    16
       Held in net/web   |       |     4 |       ||     4
Armor: Ring mail         |     6 |       |       ||     6
       Leather armour    |     2 |       |       ||     2
       Scale mail        |    62 |    27 |    56 ||   145
Dodge: Dodged            |    65 |    46 |    59 ||   170
